 Dungeon Crawl Stone Soup version 0.23.2-40-g277498a001 (webtiles) character file.

Game seed: 10182450973746172716

100 Gildeon the Digger (level 4, 0/24 HPs)
             Began as a Gargoyle Earth Elementalist on Oct 21, 2019.
             Slain by a gnoll
             ... wielding a cursed -3 halberd
              (7 damage)
             ... on level 2 of the Dungeon.
             The game lasted 00:04:27 (1139 turns).

Gildeon the Digger (Gargoyle Earth Elementalist)    Turns: 1139, Time: 00:04:27

Health: 0/24       AC:  7    Str: 11    XL:     4   Next: 74%
Magic:  1/8        EV: 12    Int: 17    God:
Gold:   63         SH:  0    Dex: 10    Spells: 3/9 levels left

rFire    . . .     SeeInvis .   g - +0 club
rCold    . . .     Gourm    .   (no shield)
rNeg     + . .     Faith    .   i - +0 leather armour (curse)
rPois    ∞         Spirit   .   (no helmet)
rElec    +         Reflect  .   (no cloak)
rCorr    .         Harm     .   j - +0 pair of gloves
MR       .....                  (no boots)
Stlth    ++........             (no amulet)
HPRegen  0.08/turn              (no ring)
MPRegen  0.11/turn              (no ring)

@: no status effects
A: negative energy resistance 1, electricity resistance, unbreathing,
petrification resistance, rot immunity, AC +3
a: no special abilities


You were on level 2 of the Dungeon.
You were not hungry.

You visited 1 branch of the dungeon, and saw 2 of its levels.

You collected 63 gold pieces.

Inventory:

Hand Weapons
 g - a +0 club (weapon)
Missiles
 b - 13 stones (quivered)
Armour
 c - a +0 robe
 i - a cursed +0 leather armour (worn)
 j - a +0 pair of gloves (worn)
Scrolls
 a - a scroll of identify
 k - a scroll of remove curse {unknown}
 l - a scroll of blinking {unknown}
Potions
 e - a potion of haste
 h - a potion of heal wounds {unknown}
Comestibles
 d - 5 rations
 f - 2 chunks of flesh


   Skills:
 + Level 2.5 Dodging
 - Level 2.1 Stealth
 + Level 3.0 Spellcasting
 - Level 0.7 Transmutations
 + Level 4.8 Earth Magic


You had 3 spell levels left.
You knew the following spells:

 Your Spells              Type           Power        Failure   Level  Hunger
a - Sandblast             Erth           ###...       3%          1    None
b - Passwall              Tmut/Erth      ##......     11%         2    ##.....
c - Stone Arrow           Conj/Erth      ##....       26%         3    ###....

Your spell library contained the following spells:

 Spells                   Type           Power        Failure   Level  Hunger
 Petrify                  Tmut/Erth      ##......     58%         4    ####...
 Lee's Rapid Deconstruct  Erth           ###.......   65%         5    ######.


Dungeon Overview and Level Annotations

Branches:
Dungeon (2/15)

Altars:


Innate Abilities, Weirdness & Mutations

You are resistant to torment.
Your stone body is resilient. (AC +3)
You are immune to poison.
You resist negative energy. (rN+)
You are resistant to electric shocks. (rElec)
You can survive without breathing.
You are immune to petrification.
You are immune to rotting.


Message History

The gnoll is lightly wounded.
The gnoll misses you.
The gnoll shouts!
You hit the gnoll but do no damage.
The gnoll is lightly wounded.
The gnoll barely misses you.
You hit the gnoll.
The gnoll is moderately wounded.
The gnoll closely misses you.
You hit the gnoll.
The gnoll is heavily wounded.
The gnoll barely misses you.
You hit the gnoll.
The gnoll is severely wounded.
The gnoll closely misses you. The gnoll hits you with a +0 flail!
* * * LOW HITPOINT WARNING * * *
You completely miss the gnoll.
The gnoll is severely wounded.
The gnoll hits you with a cursed -3 halberd!
You die...

...####. ..## #.# ..## #
#.# ...# #.# #.# .#.###
#.###.. .....####..##.#
..............# #..
........##....#####.....
........##.#.>..@g......
........##.#...#g$......
........##...#.#........
........###..#..........
........................
.........##.##..........
.........#.......##..#.#
....................##.#
.###.##.....###.#..


You could see 2 gnolls.

Vanquished Creatures
  An adder (D:2)
  5 gnolls (D:2)
  A dart slug (D:2)
  4 leopard geckos
  8 bats
  2 giant cockroaches (D:1)
  A goblin (D:1)
  5 hobgoblins (D:1)
  2 jackals (D:1)
  4 kobolds
  A quokka (D:2)
  A frilled lizard (D:1)
  2 rats (D:1)
37 creatures vanquished.

Notes
Turn   | Place    | Note
-------+----------+-------------------------------------------
     0 | D:1      | Gildeon the Gargoyle Earth Elementalist began the quest for
                  | the Orb.
     0 | D:1      | Reached XP level 1. HP: 10/10 MP: 3/3
   129 | D:1      | Reached XP level 2. HP: 8/15 MP: 1/5
   137 | D:1      | Learned a level 2 spell: Passwall
   281 | D:1      | Reached skill level 4 in Earth Magic
   379 | D:1      | Reached XP level 3. HP: 16/19 MP: 0/6
   384 | D:1      | Learned a level 3 spell: Stone Arrow
   956 | D:2      | Reached XP level 4. HP: 24/24 MP: 3/8
  1139 | D:2      | Slain by a gnoll

Skill      XL: |  1  2  3  4 |
---------------+-------------+-----
Earth Magic    | 4 |  4.8
Dodging        | 2 |  2.5
Spellcasting   | 3 |  3.0
Stealth        | |  2.1
Transmutations | |  0.7

Action                   |  1- 3 |  4- 6 || total
-------------------------+-------+-------++-------
Melee: Unarmed           |     8 |       ||     8
       Club              |     8 |     9 ||    17
 Cast: Sandblast         |    44 |    14 ||    58
  Use: Scroll            |     2 |       ||     2
 Stab: Sleeping          |     1 |       ||     1
  Eat: Chunk             |     1 |       ||     1
Armor: Robe              |     6 |       ||     6
       Leather armour    |    12 |     3 ||    15
Dodge: Dodged            |    26 |    13 ||    39
